TOP OF THE 1ST |
Seton Hall Pirates batting - Pitching for Miami Hurricanes : RHP John Harvey
|
Pitching: RHP John Harvey
|
|
Batting: RHB Tim Torres
|
0-0: Ball 1-0: Foul Ball, location: 2F 1-1: Swinging Strike 1-2: Ball 2-2: Strikes out swinging
|
Batting: RHB Jim Doyle
|
0-0: Foul Ball, location: 2F 0-1: Bunted foul 0-2: Ball 1-2: Fly out, F9 (Flyball, 9M)
|
Batting: LHB Hamilton Hughes
|
0-0: Called Strike 0-1: Ball 1-1: Foul Ball, location: 2F 1-2: Ball 2-2: Foul Ball, location: 2F 2-2: Ball 3-2: Strikes out swinging
|
Top of the 1st over - 0 run(s), 0 hit(s), 0 error(s), 0 left on base; Seton Hall 0 - Miami 0 |
BOTTOM OF THE 1ST |
Miami Hurricanes batting - Pitching for Seton Hall Pirates : LHP Nick Thornton
|
Pitching: LHP Nick Thornton
|
|
Batting: LHB Elvin Summers
|
0-0: SINGLE (Line Drive, 89S)
|
Batting: RHB Craig Griffith
|
0-0: Swinging Strike 0-1: Swinging Strike 0-2: Strikes out swinging
|
Batting: RHB Rob Brown
|
0-0: Called Strike 0-1: Foul Ball, location: 2F 0-2: Ball 1-2: Foul Ball, location: 2F 1-2: Grounds into double play, 6-4-3 (Groundball, 6)
|
Bottom of the 1st over - 0 run(s), 1 hit(s), 0 error(s), 0 left on base; Seton Hall 0 - Miami 0 |
TOP OF THE 2ND |
Seton Hall Pirates batting - Pitching for Miami Hurricanes : RHP John Harvey
|
Batting: SHB Carlton Moreno
|
0-0: Fly out, F8 (Flyball, 8RM)
|
Batting: RHB Jorge Flores
|
0-0: Called Strike 0-1: Ball 1-1: Ball 2-1: Ground out U3 (Groundball, 3L)
|
Batting: RHB Luis Reyes
|
0-0: Ball 1-0: Foul Ball, location: 2F 1-1: Foul Ball, location: 2F 1-2: Foul Ball, location: 2F 1-2: Ball 2-2: Strikes out swinging
|
Top of the 2nd over - 0 run(s), 0 hit(s), 0 error(s), 0 left on base; Seton Hall 0 - Miami 0 |
BOTTOM OF THE 2ND |
Miami Hurricanes batting - Pitching for Seton Hall Pirates : LHP Nick Thornton
|
Batting: LHB Ronald Kidd
|
0-0: Called Strike 0-1: Foul Ball, location: 2F 0-2: SOLO HOME RUN (Line Drive, 89XD), Distance : 391 ft
|
Batting: RHB Rodrigo García
|
0-0: SOLO HOME RUN (Flyball, 7D), Distance : 371 ft
|
Batting: RHB Aaron Corbett
|
0-0: Foul Ball, location: 2F 0-1: Foul Ball, location: 2F 0-2: Strikes out looking
|
Batting: LHB Andrew Holt
|
0-0: Fly out, F9 (Flyball, 89S)
|
Batting: RHB Mark Mitchell
|
0-0: Ball 1-0: Ball 2-0: Foul Ball, location: 2F 2-1: Fly out, F8 (Flyball, 8LM)
|
Bottom of the 2nd over - 2 run(s), 2 hit(s), 0 error(s), 0 left on base; Seton Hall 0 - Miami 2 |
TOP OF THE 3RD |
Seton Hall Pirates batting - Pitching for Miami Hurricanes : RHP John Harvey
|
Batting: RHB George Medine
|
0-0: Called Strike 0-1: Ball 1-1: DOUBLE (Flyball, 7LD)
|
Batting: RHB Clancy Bradshaw
|
0-0: Ball 1-0: Ball 2-0: Called Strike 2-1: Swinging Strike 2-2: Strikes out swinging
|
Batting: RHB Dave Little
|
0-0: Called Strike 0-1: Foul Ball, location: 2F 0-2: Strikes out swinging
|
Batting: RHB Tim Torres
|
0-0: Swinging Strike 0-1: Foul Ball, location: 2F 0-2: Foul Ball, location: 2F 0-2: Ball 1-2: Reached on error, E6 (Groundball, 6M) George Medine to third
|
Batting: RHB Jim Doyle
|
0-0: Fly out, F8 (Flyball, 8LM)
|
Top of the 3rd over - 0 run(s), 1 hit(s), 1 error(s), 2 left on base; Seton Hall 0 - Miami 2 |
BOTTOM OF THE 3RD |
Miami Hurricanes batting - Pitching for Seton Hall Pirates : LHP Nick Thornton
|
Batting: RHB Kevin Magee
|
0-0: Foul Ball, location: 2F 0-1: Foul Ball, location: 2F 0-2: Ball 1-2: Foul Ball, location: 2F 1-2: Foul Ball, location: 2F 1-2: Strikes out swinging
|
Batting: LHB Elvin Summers
|
0-0: Ball 1-0: Swinging Strike 1-1: Ground out U3 (Groundball, 3)
|
Batting: RHB Craig Griffith
|
0-0: Foul Ball, location: 2F 0-1: Foul Ball, location: 2F 0-2: Ball 1-2: Fly out, F9 (Popup, 89S)
|
Bottom of the 3rd over - 0 run(s), 0 hit(s), 0 error(s), 0 left on base; Seton Hall 0 - Miami 2 |
TOP OF THE 4TH |
Seton Hall Pirates batting - Pitching for Miami Hurricanes : RHP John Harvey
|
Batting: LHB Hamilton Hughes
|
0-0: Called Strike 0-1: Ground out 6-3 (Groundball, 6)
|
Batting: SHB Carlton Moreno
|
0-0: Ball 1-0: Ground out 4-3 (Groundball, 34)
|
Batting: RHB Jorge Flores
|
0-0: SINGLE (Groundball, 6MD)
|
Batting: RHB Luis Reyes
|
0-0: Ball 1-0: Called Strike 1-1: Ball Jorge Flores is caught stealing 2nd base
|
Top of the 4th over - 0 run(s), 1 hit(s), 0 error(s), 0 left on base; Seton Hall 0 - Miami 2 |
BOTTOM OF THE 4TH |
Miami Hurricanes batting - Pitching for Seton Hall Pirates : LHP Nick Thornton
|
Batting: RHB Rob Brown
|
0-0: Ball 1-0: Fly out, F3 (Popup, 3S)
|
Batting: LHB Ronald Kidd
|
0-0: Ball 1-0: Ground out 4-3 (Groundball, 4)
|
Batting: RHB Rodrigo García
|
0-0: Ball 1-0: Foul Ball, location: 2F 1-1: Called Strike 1-2: Ball 2-2: Ball 3-2: Base on Balls
|
Batting: RHB Aaron Corbett
|
0-0: Swinging Strike 0-1: Called Strike 0-2: Strikes out swinging
|
Bottom of the 4th over - 0 run(s), 0 hit(s), 0 error(s), 1 left on base; Seton Hall 0 - Miami 2 |
TOP OF THE 5TH |
Seton Hall Pirates batting - Pitching for Miami Hurricanes : RHP John Harvey
|
Batting: RHB Luis Reyes
|
0-0: Called Strike 0-1: Ball 1-1: DOUBLE (Line Drive, 5L)
|
Batting: RHB George Medine
|
0-0: Swinging Strike 0-1: Ground out 5-3 (Groundball, 56)
|
Batting: RHB Clancy Bradshaw
|
0-0: Ball 1-0: Called Strike 1-1: Ball 2-1: SINGLE (Line Drive, 78S) Luis Reyes to third
|
Batting: RHB Dave Little
|
0-0: Ball 1-0: Called Strike 1-1: Fly out, F7 (Flyball, 78S)
|
Batting: RHB Tim Torres
|
0-0: Ball 1-0: Foul Ball, location: 2F 1-1: SINGLE (Groundball, 56) Luis Reyes scores Clancy Bradshaw to second
|
Batting: RHB Jim Doyle
|
0-0: Called Strike 0-1: Swinging Strike 0-2: Foul Ball, location: 2F 0-2: Strikes out swinging
|
Top of the 5th over - 1 run(s), 3 hit(s), 0 error(s), 2 left on base; Seton Hall 1 - Miami 2 |
BOTTOM OF THE 5TH |
Miami Hurricanes batting - Pitching for Seton Hall Pirates : LHP Nick Thornton
|
Batting: LHB Andrew Holt
|
0-0: Ball 1-0: Ground out 1-3 (Groundball, 15)
|
Batting: RHB Mark Mitchell
|
0-0: Ball 1-0: Ball 2-0: Foul Ball, location: 2F 2-1: Ball 3-1: Foul Ball, location: 2F 3-2: Foul Ball, location: 2F 3-2: Base on Balls
|
Batting: RHB Kevin Magee
|
0-0: Ball 1-0: Swinging Strike 1-1: Ball 2-1: Foul Ball, location: 2F 2-2: Strikes out swinging
|
Batting: LHB Elvin Summers
|
0-0: Fielders Choice at 2nd, U6 (Groundball, 6M)
|
Bottom of the 5th over - 0 run(s), 0 hit(s), 0 error(s), 1 left on base; Seton Hall 1 - Miami 2 |
TOP OF THE 6TH |
Seton Hall Pirates batting - Pitching for Miami Hurricanes : RHP John Harvey
|
Batting: LHB Hamilton Hughes
|
0-0: SINGLE (Flyball, 89S)
|
Batting: SHB Carlton Moreno
|
0-0: Grounds into double play, 1-4-3 (Groundball, 15)
|
Batting: RHB Jorge Flores
|
0-0: Ball 1-0: Ball 2-0: Foul Ball, location: 2F 2-1: Ball 3-1: Base on Balls
|
Batting: RHB Luis Reyes
|
0-0: Ball 1-0: Ball 2-0: Called Strike 2-1: Ball 3-1: Base on Balls Jorge Flores to second
|
Pitching: RHP Dan Catron
|
|
Batting: RHB George Medine
|
0-0: Foul Ball, location: 2F 0-1: Foul Ball, location: 2F 0-2: Ball 1-2: Ball 2-2: Ball 3-2: Strikes out looking
|
Top of the 6th over - 0 run(s), 1 hit(s), 0 error(s), 2 left on base; Seton Hall 1 - Miami 2 |
BOTTOM OF THE 6TH |
Miami Hurricanes batting - Pitching for Seton Hall Pirates : LHP Nick Thornton
|
Batting: RHB Craig Griffith
|
0-0: Called Strike 0-1: SINGLE (Line Drive, 34D)
|
Batting: RHB Rob Brown
|
0-0: Grounds into double play, 5-4-3 (Groundball, 5)
|
Batting: LHB Ronald Kidd
|
0-0: Ball 1-0: Ball 2-0: Foul Ball, location: 2F 2-1: Foul Ball, location: 2F 2-2: Fly out, F8 (Flyball, 8LM)
|
Bottom of the 6th over - 0 run(s), 1 hit(s), 0 error(s), 0 left on base; Seton Hall 1 - Miami 2 |
TOP OF THE 7TH |
Seton Hall Pirates batting - Pitching for Miami Hurricanes : RHP Dan Catron
|
Batting: RHB Clancy Bradshaw
|
0-0: SINGLE (Flyball, 9LS)
|
Batting: RHB Dave Little
|
0-0: Sac Bunt - play at first, batter OUT! 3-4 Clancy Bradshaw to second
|
Batting: RHB Tim Torres
|
0-0: 2-RUN HOME RUN (Flyball, 7LD), Distance : 320 ft
|
Batting: RHB Jim Doyle
|
0-0: Swinging Strike 0-1: Ground out 5-3 (Groundball, 56S)
|
Batting: LHB Hamilton Hughes
|
0-0: Ball 1-0: Called Strike 1-1: Ball 2-1: Swinging Strike 2-2: Fly out, F8 (Flyball, 8RM)
|
Top of the 7th over - 2 run(s), 2 hit(s), 0 error(s), 0 left on base; Seton Hall 3 - Miami 2 |
BOTTOM OF THE 7TH |
Miami Hurricanes batting - Pitching for Seton Hall Pirates : LHP Nick Thornton
|
Batting: RHB Rodrigo García
|
0-0: Ball 1-0: Ball 2-0: Called Strike 2-1: Ball 3-1: Base on Balls
|
Batting: RHB Aaron Corbett
|
0-0: Ball 1-0: Bunted foul 1-1: Ball 2-1: Sac Bunt - play at first, batter OUT! 5-4 Rodrigo García to second
|
Batting: LHB Andrew Holt
|
0-0: Ball 1-0: Ball 2-0: Called Strike 2-1: Ball 3-1: Base on Balls
|
Pitching: LHP Patrick Stewart
|
|
Batting: RHB Mark Mitchell
|
0-0: Called Strike 0-1: Swinging Strike 0-2: Ball 1-2: Ground out U3 (Groundball, 3) Rodrigo García to third Andrew Holt to second
|
Batting: RHB Kevin Magee
|
0-0: Called Strike 0-1: SINGLE (Line Drive, 89M) Rodrigo García scores Andrew Holt to third Runner from 3rd tries for Home, SAFE, no throw or cutoff
|
Batting: LHB Elvin Summers
|
0-0: Called Strike 0-1: Ball 1-1: Swinging Strike 1-2: Ball 2-2: Ball 3-2: SINGLE (Groundball, 3S) (infield hit) Kevin Magee to second
|
Batting: RHB Craig Griffith
|
0-0: Called Strike 0-1: Fly out, F6 (Popup, 5L)
|
Bottom of the 7th over - 2 run(s), 2 hit(s), 0 error(s), 2 left on base; Seton Hall 3 - Miami 4 |
TOP OF THE 8TH |
Seton Hall Pirates batting - Pitching for Miami Hurricanes : RHP Dan Catron
|
Batting: SHB Carlton Moreno
|
0-0: Swinging Strike 0-1: Swinging Strike 0-2: Foul Ball, location: 2F 0-2: Foul Ball, location: 2F 0-2: Foul Ball, location: 2F 0-2: Ball 1-2: Strikes out looking
|
Batting: RHB Jorge Flores
|
0-0: Ball 1-0: Swinging Strike 1-1: Called Strike 1-2: Ground out 4-3 (Groundball, 4)
|
Batting: RHB Luis Reyes
|
0-0: Called Strike 0-1: Foul Ball, location: 2F 0-2: Strikes out swinging
|
Top of the 8th over - 0 run(s), 0 hit(s), 0 error(s), 0 left on base; Seton Hall 3 - Miami 4 |
BOTTOM OF THE 8TH |
Miami Hurricanes batting - Pitching for Seton Hall Pirates : LHP Patrick Stewart
|
Batting: RHB Rob Brown
|
0-0: Called Strike 0-1: Foul Ball, location: 2F 0-2: Ball 1-2: Ball 2-2: Strikes out swinging
|
Batting: LHB Ronald Kidd
|
0-0: Called Strike 0-1: Ball 1-1: Called Strike 1-2: Ball 2-2: Foul Ball, location: 2F 2-2: Strikes out looking
|
Batting: RHB Rodrigo García
|
0-0: Swinging Strike 0-1: Ball 1-1: Called Strike 1-2: Ball 2-2: Ball 3-2: Strikes out looking
|
Bottom of the 8th over - 0 run(s), 0 hit(s), 0 error(s), 0 left on base; Seton Hall 3 - Miami 4 |
TOP OF THE 9TH |
Seton Hall Pirates batting - Pitching for Miami Hurricanes : RHP Dan Catron
|
Pitching: RHP Lucas Gregory
|
|
Batting: RHB George Medine
|
0-0: Ball 1-0: Ball 2-0: Swinging Strike 2-1: Ball 3-1: Fly out, F8 (Line Drive, 8RS)
|
Batting: RHB Clancy Bradshaw
|
0-0: Swinging Strike 0-1: Ball 1-1: Ball 2-1: Fly out, F8 (Flyball, 78S)
|
Batting: RHB Dave Little
|
0-0: Called Strike 0-1: Ball 1-1: Ball 2-1: Ball 3-1: Base on Balls
|
Batting: RHB Tim Torres
|
0-0: Called Strike 0-1: Called Strike 0-2: Foul Ball, location: 2F 0-2: Ball 1-2: Ball 2-2: Ball 3-2: Fly out, F7 (Line Drive, 7S)
|
Top of the 9th over - 0 run(s), 0 hit(s), 0 error(s), 1 left on base; Seton Hall 3 - Miami 4 |
|